Elenmirie, neutral female gnomish Wizard --------- |.......| |...<...| --.------# ------------- # # ##-`.........`| ### # # |.(...`.....|` ( # ####....--.--.... # # ## |...|.{.|...| -------.---- # ######Y..`.{.{|`..| |...........#####----- %# |...|.{.|...| |..........| #|.%%.#### ....-----...| |..........| #|.%`| |...@Y%.....| |..........| #|...| |`.........`| |.........)| #|...| ------------- ------------ #|...| #....| #----- Elenmirie the Thaumaturge Experience level: 7 Strength: 10 Dexterity: 12 Constitution: 18 Intelligence: 16 Wisdom: 13 Charisma: 9 Health: 0(58) Energy: 8(68) Def: 6 Gold: 1081 Moves: 5533 Dungeon seed: btmDYROb4jV81Mgz Game ID: Elenmirie_1591113283 Your Inventory: Coins $ - 1081 gold pieces Amulets Q - a cursed amulet of restful sleep Weapons a - a blessed +1 quarterstaff (weapon in hands) H - an uncursed +0 dagger Armor n - a cursed -1 pair of gauntlets of fumbling q - an uncursed +0 elven leather helm r - a blessed +2 orcish helm (being worn) K - an uncursed +0 cloak of magic resistance (being worn) Y - an uncursed +0 leather armor (being worn) Comestibles V - an uncursed fortune cookie Scrolls i - 2 uncursed scrolls of identify l - a cursed scroll of magic mapping m - an uncursed scroll of enchant armor u - an uncursed scroll of genocide w - 2 uncursed scrolls of blank paper A - a blessed scroll of blank paper D - an uncursed scroll of light E - a cursed scroll of confuse monster J - an uncursed scroll of enchant weapon X - an uncursed scroll of gold detection Potions f - an uncursed potion of extra healing g - an uncursed potion of confusion h - a blessed potion of gain level p - a cursed potion of speed t - an uncursed potion of fruit juice I - an uncursed potion of speed U - an uncursed potion of booze W - an uncursed potion of paralysis Rings c - an uncursed ring of sustain ability d - an uncursed ring of poison resistance (on left hand) v - an uncursed ring of searching y - an uncursed ring of see invisible T - an uncursed ring of slow digestion Wands b - an uncursed wand of locking (0:7) o - an uncursed wand of digging (0:5) s - an uncursed wand of teleportation (0:6) F - an uncursed wand of light (0:11) Tools e - an uncursed lock pick x - an uncursed towel N - a cursed oil lamp (0:912) R - 7 uncursed wax candles (0:400) Spells and supernatural/magical abilities: Name Level Category Fail Memory a - force bolt 1 attack 0% 73% h - healing 1 healing 0% 86% m - magic missile 2 attack 0% 80% u - confuse monster 2 enchantment 0% 73% B - cure blindness 2 healing 70% 97% L - levitation 4 escape 100% 97% W - pray for help -- divine ? -- Your skills at the end: Fighting Skills Weapon Skills quarterstaff [Basic] Spellcasting Skills attack spells [Skilled] enchantment spells [Basic] Final Attributes: You were piously aligned. You were poison resistant. You were magic-protected. You had infravision. You are dead. Vanquished creatures: a small mimic a chameleon 2 leprechauns an ape a human zombie a wood nymph a mountain nymph a rock piercer a rock mole a yellow light a gnome lord a golden naga hatchling 8 elf zombies a ghoul a paper golem 10 giant ants a little dog 3 floating eyes a kitten a homunculus 2 kobold lords 2 rothes 3 giant bats 4 orc zombies 2 dwarf zombies a werejackal 2 iguanas an acid blob a gas spore a hobbit 2 large kobolds a hobgoblin 4 giant rats 3 cave spiders 4 red molds a gnome 8 garter snakes 3 gnome zombies 2 geckos 4 jackals a fox a kobold 2 goblins 2 sewer rats 10 grid bugs 5 lichens 4 newts 115 creatures vanquished. Voluntary challenges: You used a wielded weapon 145 times, starting on turn 315. You read items or engraved 23 times, starting on turn 411. You never genocided any monsters. You never polymorphed an object. You never changed form. You used no wishes. You never split a pudding. You never wrote Elbereth's name. You violated your moral code, losing 51 points of alignment, starting on turn 3806. Dungeon overview: The Dungeons of Doom: levels 1 to 8 Level 1 some altars to Thoth and Anhur, a sink a long staircase Level 2 a scroll shop Level 3 some fountains stairs to The Gnomish Mines Level 4 an altar to Thoth, a fountain Level 5 a fountain Level 6 a fountain Level 7 <- You were here many fountains Level 8 a sink The Gnomish Mines: levels 4 to 6 Level 4 stairs to The Dungeons of Doom Level 5 Level 6 (mm and healing books in shop) many shops, a temple to Anhur, some fountains History has recorded: On T:1 you entered the Dungeons of Doom to retrieve the Amulet of Yendor! On T:404 you reached level 2 of The Dungeons of Doom. On T:776 you reached level 3 of The Dungeons of Doom. On T:861 you advanced to experience level 2. On T:1031 you reached level 4 of The Dungeons of Doom. On T:1393 you advanced to experience level 3. On T:1415 you reached level 5 of The Dungeons of Doom. On T:1973 you advanced to experience level 4. On T:2324 you advanced to experience level 5. On T:2412 you reached level 6 of The Dungeons of Doom. On T:2533 you reached level 1 of The Gnomish Mines. On T:2736 you reached level 2 of The Gnomish Mines. On T:2773 you reached level 3 of The Gnomish Mines. On T:3798 you advanced to experience level 6. On T:5083 you reached level 7 of The Dungeons of Doom. On T:5204 you advanced to experience level 7. On T:5209 you reached level 8 of The Dungeons of Doom. Score breakdown: Gold: 1081 (10321 points) Experience: 7 levels (13645 points) Exploration: 8 levels ( 15.09%) (11006 points) Discoveries: 16 items ( 5.54%) ( 7058 points) Valuables value: (no points given unless you survive) Artifact value: 0 ( 0 points) Variety of kills: 47 monsters ( 12.34%) (10536 points) Turncount: 5533 turns (-1504 points) Survival: died (score multiplied by 80%) Total score: 40849 Latest messages: You feel that Thoth is well-pleased. Your stomach feels content. The ape misses. (2x) The ape bites! You see here a statue of a plains centaur. The magic missile hits the ape! You kill the ape! The ape just misses! The ape hits! The ape bites! You don't have enough energy to cast that spell. You miss the ape. The ape hits! (2x) The ape bites! You miss the ape. The ape hits! (2x) The ape bites! You die... Final status: Goodbye Elenmirie the Wizard, killed by an ape... You died in The Dungeons of Doom on dungeon level 7 with 40849 points, and 1081 pieces of gold, after 5533 moves. You were level 7 with a maximum of 58 hit points when you died.